 Dungeon Crawl Stone Soup version 0.28-a0-628-g3c9886e45e (webtiles) character file.

Game seed: 17643127930893284850

2688 lunkers the Thaumaturge (level 9, -17/70 HPs)
             Began as a Djinni Cinder Acolyte on Oct 8, 2021.
             Was a High Priest of Ignis.
             Demolished by a two-headed ogre (29 damage)
             ... on level 7 of the Dungeon.
             The game lasted 00:17:32 (10051 turns).

lunkers the Thaumaturge (Djinni Cinder Acolyte)    Turns: 10051, Time: 00:17:32

Health: -17/70     AC: 11    Str: 13    XL:     9   Next: 96%
Gold:   145        EV:  8    Int: 20    God:    Ignis [*****.] SH:  0 Dex:  8

rFire   + + +      SeeInvis .   s - +4 quarterstaff (chaos)
rCold   + . .      Faith    .   (shield currently unavailable)
rNeg    . . .      Spirit   .   j - +3 scale mail {rC+}
rPois   ∞          Reflect  .   v - +1 hat
rElec   .          Harm     .   r - +0 cloak
rCorr   .          Rampage  .   (no gloves)
Will    +....                   (boots unavailable)
Stlth   ..........              (no amulet)
HPRegen 0.21/turn               A - ring of protection from cold
MPRegen 0.00/turn               h - ring of willpower

@: flying, studying Spellcasting
A: sickness immunity, fire resistance 2, cold vulnerability 1, float, innate
caster, hp casting, extra vitality 1
a: Renounce Religion, Sea of Fire, Foxfire Swarm, Rising Flame


You were on level 7 of the Dungeon.
You worshipped Ignis.
Ignis was extremely pleased with you.
You visited 1 branch of the dungeon, and saw 8 of its levels.

You collected 348 gold pieces.
You spent 203 gold pieces at shops.

Inventory:

Hand Weapons
 a - a +0 short sword of flaming
 c - a +1 dagger of venom
 s - a +4 quarterstaff of chaos (weapon)
Missiles
 f - a throwing net
Armour
 g - a +0 ring mail
 j - a +3 scale mail of cold resistance (worn)
 r - a +0 cloak (worn)
 v - a +1 hat (worn)
Jewellery
 d - a +6 ring of strength
 h - a ring of willpower (right hand)
 i - a +6 ring of strength
 m - an amulet of reflection
 y - a ring of resist corrosion
 A - a ring of protection from cold (left hand)
Wands
 q - a wand of flame (26)
 u - a wand of iceblast (10)
 x - a wand of digging (6)
Scrolls
 e - 4 scrolls of enchant weapon
 k - a scroll of teleportation
 o - a scroll of fog
 t - a scroll of blinking
Potions
 b - 3 potions of attraction
 l - 3 potions of heal wounds
 n - a potion of curing
 p - 2 potions of haste {unknown}
 z - a potion of ambrosia {unknown}
 B - 3 potions of flight {unknown}


   Skills:
 + Level 8.1 Fighting
 - Level 2.6 Short Blades
 * Level 8.8 Spellcasting


You had 15 spell levels left.
You knew the following spells:

 Your Spells              Type           Power      Damage    Failure   Level
a - Beastly Appendage     Tmut           88%        N/A       1%          1
b - Slow                  Hex            44%        N/A       1%          2
c - Searing Ray           Conj           88%        2d7       1%          2
d - Spider Form           Tmut/Pois      22%        N/A       3%          3
p - Scorch                Fire           88%        2d9       1%          2
Your spell library was empty.

Dungeon Overview and Level Annotations

Branches:
Dungeon (8/15)             Temple (0/1) D:6
   Lair: D:8-11

Altars:

Shops:
D:3 *   D:8 [


Innate Abilities, Weirdness & Mutations

You are immune to sickness and miasma.
You are immune to poison.
Your flesh is very heat resistant. (rF++)
You are vulnerable to cold. (rC-)
You float through the air rather than walking.
You learn spells naturally, not from books.
Your magical power is your life essence.
You have superior vitality. (+4 HP)


Message History

Okay, then.
There is an entrance to Vyeroden's Antique Armour Emporium here.
There is a stone staircase leading up here.
You see here a potion of degeneration.
Casting: Scorch (safe; 1% risk of failure)
Press: ? - help, Q - select action, (/) - cycle Dir - look around, f - activate Flames lash the two-headed ogre.
The two-headed ogre is lightly wounded.
The two-headed ogre's fire resistance burns away.
Casting: Scorch (safe; 1% risk of failure)
Press: ? - help, Q - select action, (/) - cycle Dir - look around, f - activate Flames lash the two-headed ogre.
The two-headed ogre is burned terribly!
The two-headed ogre is moderately wounded.
The two-headed ogre hits you with a +0 giant club.
The two-headed ogre hits you with a +0 giant club!!
* * * LOW HITPOINT WARNING * * *
You fly upwards.
There is a stone staircase leading down here.
The two-headed ogre is no longer more vulnerable to fire.
There is an open door here.
Casting: Scorch (safe; 1% risk of failure)
Press: ? - help, Q - select action, (/) - cycle Dir - look around, f - activate Flames lash the two-headed ogre.
The two-headed ogre is moderately wounded.
The two-headed ogre's fire resistance burns away.
The two-headed ogre hits you with a +0 giant club!
* * * LOW HITPOINT WARNING * * *
The two-headed ogre hits you with a +0 giant club!
* * * LOW HITPOINT WARNING * * *
You see here 18 poisoned darts.
The two-headed ogre is no longer more vulnerable to fire.
You reach down and open the door.
The two-headed ogre hits you with a +0 giant club!!
* * * LOW HITPOINT WARNING * * *
The two-headed ogre hits you but does no damage.
There is an open door here.
There is a stone staircase leading up here.
There is an open door here.
The two-headed ogre hits you with a +0 giant club!!
You die...

.........# ##.....## #...#
######.#.# ##.......######.#####
##....###.........#.........##
###.......+.........'...........
#........##....(....#.##......##
#.###.#..###.......##.###.....#
#.# ###..# ##.....###.# #.....#
#.# ###..# ##..O## #.# #.....#
#.# #....# ##@## #.# ##....# #.#
#.##.# #.# #.#####.#.#
#.###.##.######.# #.........#
#........#.....<## #######.###
###.....##.###...## #.#
#.#.#.##........# #.#
#.#.#.##..#####.#########.#
#.#.......# #...........#
#.###.##..# #.###########


You could see a two-headed ogre.

Vanquished Creatures
  Grinder (D:3)
  Sigmund (D:2)
  A vampire mosquito (D:8)
  Edmund (D:6)
  An ice beast (D:6)
  2 black bears
  2 necrophages
  2 sky beasts (D:6)
  An ogre (D:5)
  A centaur (D:5)
  2 bullfrogs
  2 scorpions
  A wyvern zombie (D:7)
  2 wyvern skeletons (D:6)
  A water moccasin skeleton (D:5)
  3 centaur zombies
  2 jellies
  2 bullfrog skeletons
  Crazy Yiuf (D:3)
  2 centaur skeletons
  2 hounds
  3 iguanas
  4 orc wizards
  2 killer bee zombies (D:6)
  A howler monkey skeleton (D:7)
  4 adders
  11 gnolls
  4 dart slugs
  3 worms
  13 orcs
  5 ball pythons
  4 bats
  7 endoplasms
  3 giant cockroaches
  10 goblins
  8 hobgoblins
  5 quokkas
  5 frilled lizards
  8 kobolds
  A rat (D:1)
  A spectral kobold (D:1)
135 creatures vanquished.

Vanquished Creatures (others)
  3 plants (D:3)
3 creatures vanquished.

Grand Total: 138 creatures vanquished

Notes
Turn   | Place    | Note
-------+----------+-------------------------------------------
     0 | D:1      | lunkers the Djinni Cinder Acolyte began the quest for the
                  | Orb.
     0 | D:1      | Reached XP level 1. HP: 20/20 MP: 0/0
   135 | D:1      | Reached XP level 2. HP: 10/25 MP: 0/0
   787 | D:1      | Found a faded altar of an unknown god.
   822 | D:1      | Reached XP level 3. HP: 21/30 MP: 0/0
   822 | D:1      | Learned a level 1 spell: Beastly Appendage
  1905 | D:2      | Reached XP level 4. HP: 31/35 MP: 0/0
  2613 | D:3      | Found Cimehu's General Store.
  3378 | D:3      | Noticed Grinder
  3390 | D:3      | Killed Grinder
  3391 | D:3      | Reached XP level 5. HP: 20/42 MP: 0/0
  3391 | D:3      | Learned a level 2 spell: Slow
  3391 | D:3      | Reached XP level 6. HP: 22/48 MP: 0/0
  3607 | D:3      | Noticed Sigmund
  3897 | D:2      | Killed Sigmund
  3898 | D:2      | Reached skill level 5 in Fighting
  3898 | D:2      | Reached skill level 5 in Spellcasting
  3898 | D:2      | Reached XP level 7. HP: 44/54 MP: 0/0
  3898 | D:2      | Learned a level 2 spell: Searing Ray
  4313 | D:3      | Found a runed translucent door.
  4314 | D:3      | Noticed Crazy Yiuf
  4873 | D:3      | Killed Crazy Yiuf
  5176 | D:4      | You are sucked into a shaft and drop 2 floors!
  5259 | D:6      | Found a staircase to the Ecumenical Temple.
  5281 | D:6      | Reached XP level 8. HP: 29/60 MP: 0/0
  5437 | D:5      | Entered Level 5 of the Dungeon
  7304 | D:6      | Reached XP level 9. HP: 60/67 MP: 0/0
  7304 | D:6      | Learned a level 3 spell: Spider Form
  7759 | D:6      | Noticed Edmund
  8188 | D:6      | Killed Edmund
  9010 | D:7      | Identified a scroll of acquirement
  9010 | D:7      | Acquired a manual of Spellcasting
  9937 | D:8      | Found Vyeroden's Antique Armour Emporium.
  9955 | D:8      | Bought a runed hat for 203 gold pieces
  9960 | D:8      | Noticed a two-headed ogre
 10051 | D:7      | Demolished by a two-headed ogre

Illustrated notes

Levels and vault maps discovered:
D:1:      dpeg_arrival_orchard, layout_basic,
          dreamdust_ecumenical_altar_drowned_temple,
          chequers_serial_rivers_micro_c
D:2:      layout_rooms, amcnicky_mini_pool_small
D:3:      corexii_shack_village, layout_basic, serial_shops, shop,
          uniq_crazy_yiuf_cottage, uniq_sigmund, uniq_grinder
D:4:      layout_rooms
D:5:      layout_basic, grunt_ministairs_3, minivault_1, corexii_corridor_pit
D:6:      layout_basic, minmay_temple_entry_butterflies, serial_undead,
          serial_undead_d, serial_undead_c, serial_undead_c, serial_undead_f,
          uniq_edmund
D:7:      layout_loops_corners
D:8:      minmay_curly_fans, layout_cave_pools, serial_shops,
          nicolae_shop_trees, shop, kb_rosetta, uniq_maggie

Skill      XL: |  1  2  3  4  5  6  7  8  9 |
---------------+----------------------------+-----
Spellcasting   | 3 4 5 7 8 |  8.8
Fighting       | 4 5 6 8 |  8.1
Short Blades   | |  2.6

Action                   |  1- 3 |  4- 6 |  7- 9 || total
-------------------------+-------+-------+-------++-------
Melee: Short sword       |    19 |     1 |       ||    20
       Quarterstaff      |       |       |     3 ||     3
       Dagger            |       |       |     1 ||     1
 Cast: Scorch            |    36 |    46 |   188 ||   270
       Beastly Appendage |       |     1 |       ||     1
  Use: Scroll            |       |       |    14 ||    14
       Potion            |       |       |     1 ||     1
Armor: Robe              |     5 |       |       ||     5
       Scale mail        |       |     8 |    56 ||    64
Dodge: Dodged            |    17 |    11 |    47 ||    75

Table legend: (Time is in decaauts)
 A = Elapsed time spent in this place.
 B = Non-inter-level travel time spent in this place.
 C = Inter-level travel time spent in this place.
 D = Time resting spent in this place.
 E = Time spent auto-exploring this place.
 F = Levels seen in this place.
 G = Mean time per level.
                   A        B        C        D        E       F      G
               +--------+--------+--------+--------+--------+-----+--------+
         Total |  10053 |   9828 |    225 |   1252 |   7340 |   8 | 1256.6 |
       Dungeon |  10053 |   9828 |    225 |   1252 |   7340 |   8 | 1256.6 |
               +--------+--------+--------+--------+--------+-----+--------+

Top non-repeatable levels by time:
     D:3: 2108 daAuts
     D:1: 1678 daAuts
     D:6: 1658 daAuts
     D:5: 1511 daAuts
     D:2: 1132 daAuts
     D:7: 1114 daAuts
     D:4: 700 daAuts
     D:8: 149 daAuts
